 Dungeon Crawl Stone Soup version 0.30-a0-424-g7412bad402 (webtiles) character file.

Game seed: 12750259071139644396

142 MackTheKnife the Poker (level 5, -9/36 (38) HPs)
             Began as a Merfolk Gladiator on Dec 9, 2022.
             Killed by divine providence
             ... invoked by an orc priest
              (14 damage)
             ... on level 2 of the Dungeon.
             The game lasted 00:05:18 (1337 turns).

MackTheKnife the Poker (Merfolk Gladiator)          Turns: 1337, Time: 00:05:19

HP:   -9/36 (38)    AC:  7    Str: 14    XL:     5   Next: 24%
MP:   5/5           EV: 12    Int:  7    God:
Gold: 133           SH:  0    Dex: 18    Spells: 4/4 levels left

rFire   . . .      SeeInvis .    a - +0 trident {polearm}
rCold   . . .      Faith    .    (no shield)
rNeg    . . .      Spirit   .    f - +0 ring mail
rPois   .          Reflect  .    c - +0 helmet
rElec   .          Harm     .    (no cloak)
rCorr   .          Rampage  .    k - +0 pair of gloves
Will    .....                    (no boots)
Stlth   +.........               (no amulet)
HPRegen 0.26/turn                (no ring)
MPRegen 0.09/turn                (no ring)

@: drained
A: (nimble swimmer 2), mertail
a: no special abilities


You were on level 2 of the Dungeon.
You visited 1 branch of the dungeon, and saw 2 of its levels.

You collected 133 gold pieces.


Innate Abilities, Weirdness & Mutations

((You are very nimble when in or above water. (Stealth+, EV+, Speed+++)))
Your lower body shifts to a powerful aquatic tail in water.


   Skills:
 - Level 2.1 Fighting
 + Level 7.4 Polearms
 - Level 2.0 Throwing
 + Level 4.3 Dodging


You had 4 spell levels left.
You didn't know any spells.
Your spell library contained the following spells:

 Spells                   Type           Power      Damage    Failure   Level
 Shock                    Conj/Air       0%         1d3       67%         1
 Swiftness                Air            0%         N/A       96%         3
 Airstrike                Air            0%         2d(0-16)  100%        4

Inventory:

Hand Weapons
 a - a +0 trident (weapon) {polearm}
 e - a +1 dagger of venom {short}
   (You took it off a kobold on level 1 of the Dungeon)
 n - a +2 dagger of pain {short}
   (You took it off a kobold on level 1 of the Dungeon)
 o - a +0 short sword of draining {short}
   (You took it off a goblin on level 1 of the Dungeon)
 x - a +1 dagger of draining {short}
   (You took it off an orc wizard on level 2 of the Dungeon)
 A - a +2 short sword of venom {short}
   (You took it off an orc on level 2 of the Dungeon)
Missiles
 d - 2 throwing nets {=f!fthrowing}
 h - a javelin {throwing}
Armour
 b - a +0 leather armour
 c - a +0 helmet (worn)
 f - a +0 ring mail (worn)
   (You found it on level 1 of the Dungeon)
 k - a +0 pair of gloves (worn)
   (You found it on level 1 of the Dungeon)
 l - a +0 leather armour
   (You found it on level 1 of the Dungeon)
 v - a +0 robe
   (You found it on level 2 of the Dungeon)
 y - a +0 robe
   (You took it off an orc wizard on level 2 of the Dungeon)
 z - a +0 leather armour
   (You took it off an orc on level 2 of the Dungeon)
 B - a +0 chain mail
   (You took it off an orc on level 2 of the Dungeon)
Magical Staves
 p - a staff of cold {!astaff}
   (You found it on level 1 of the Dungeon)
Scrolls
 j - a scroll of amnesia {unknown}
 m - 2 scrolls of torment {unknown}
 r - a scroll of immolation {unknown}
 t - a scroll of noise {unknown}
 u - a scroll of enchant armour {unknown}
 w - a scroll of teleportation {unknown}
Potions
 g - a potion of curing {unknown}
 i - a potion of might {unknown}
 q - a potion of heal wounds {unknown}
 s - a potion of brilliance {unknown}

Dungeon Overview and Level Annotations

Branches:
Dungeon (2/15) Zot: 10662

Altars:

Annotations:
D:2 Sigmund

#. #### .o ... .. ..
#. #.## #. #..#
######. #.#
.......############
##.. #o@.........#
##.). #..#########.#
#..##
#.###........###†###
#.##..~...~.)....# #
#.#...........####
#...#⌠..........#
###.#...........#
#.##..~...~..##
##........#


You could see an orc priest.


Message History

Things that are here:
a +0 dagger {short}; an orc corpse 😕 HP[+1]
You see here a +0 club {mace}. 😕 HP[+1]
You see here a quokka corpse. 😎 HP[+1]
Your hp is fully restored (36).
You pick up a book of Air and begin reading...
You add the spells Shock, Swiftness and Airstrike to your library.
Okay, then.
An orc comes into view. It is wielding a +0 club.
The orc shouts!
You barely miss the orc. The orc barely misses you.
You hit the orc.
The orc hits you with a +0 club. 😕 HP[-3]
You take 3 damage, and now have 33/36 hp.
You puncture the orc!
You kill the orc!
z - a +0 leather armour You now have 133 gold pieces (gained 22).
You see here a +0 club {mace}.
An orc comes into view.
It is wielding a +2 short sword of venom.
The orc shouts! 😕 HP[+1]
Your legs become a tail as you enter the water.
You reach to attack!
You hit the orc. 😕 HP[+1]
You hit the orc. The orc closely misses you.
You closely miss the orc. The orc hits you but does no damage.
You are poisoned.
You closely miss the orc.
You feel very sick. 😕 HP[-3]
You take 3 damage, and now have 32/36 hp.
You puncture the orc!
You kill the orc!
You feel sick. 😕 HP[-1]
You take 1 damage, and now have 31/36 hp.
You feel sick.
A - a +2 short sword of venom {short};
B - a +0 chain mail You feel sick. 😕 HP[-2]
You take 2 damage, and now have 29/36 hp.
You start resting.
You feel sick. x5
You are no longer poisoned. 😮 HP[-4]
You take 4 damage, and now have 25/36 hp.
Unknown command.
You start resting. 😎 HP[+11]
Your hp is fully restored (36).
A rat comes into view.
The rat moves out of view.
Your legs become a tail as you enter the water.
You reach to attack!
You completely miss the rat. You puncture the rat!
You kill the rat!
No target in view!
An orc priest comes into view. It is wielding a +0 dagger.
The orc priest shouts!
Unknown command.
You reach to attack!
You hit the orc priest. You hit the orc priest.
The orc priest calls down the wrath of Beogh upon you.
Beogh smites you!
You are too injured to fight recklessly! 😮 HP[-13]
You take 13 damage, and now have 23/36 hp.
MASSIVE DAMAGE!! (PAUSE)
You hit the orc priest.
You hit the orc priest but do no damage.
The orc priest invokes the aid of Beogh against you.
Beogh smites you!
* * * LOW HITPOINT WARNING * * *
😨 HP[-8]
You take 8 damage, and now have 15/36 hp.
MASSIVE DAMAGE!! (PAUSE)
You hit the orc priest.
The orc priest invokes the aid of Beogh against you.
Pain shoots through your body!
* * * LOW HITPOINT WARNING * * *
😱 HP[-7]
You take 7 damage, and now have 8/36 hp.
Unknown command.
You hit the orc priest.
The orc priest hits you with a +0 dagger.
* * * LOW HITPOINT WARNING * * *
😱 HP[-3]
You take 3 damage, and now have 5/36 hp.
Unknown command.
You hit the orc priest but do no damage.
The orc priest mumbles some strange prayers to Beogh against you.
You barely resist.
Unknown command.
You hit the orc priest but do no damage.
The orc priest mumbles some strange prayers to Beogh against you.
Beogh smites you!
You die...

Skill      XL: |  1  2  3  4 |
---------------+-------------+-----
Polearms       | 5 6 7 |  7.4
Fighting       | |  2.1
Throwing       | |  2.0
Dodging        | |  4.3

Action                   |  1- 3 |  4- 6 || total
-------------------------+-------+-------++-------
Melee: Trident           |   125 |    65 ||   190
       Punch             |     1 |     1 ||     2
Throw: Throwing net      |     3 |       ||     3
       Javelin           |     1 |       ||     1
Armor: Leather armour    |     5 |       ||     5
       Ring mail         |    26 |    13 ||    39
Dodge: Dodged            |    79 |    19 ||    98

Levels and vault maps discovered:
D:1:      mrwooster_arrival_statue_2, layout_rooms, chequers_jeans,
          minmay_misc_feat_doors, corexii_item_surrounded_by_moat,
          minmay_cut_off
D:2:      cheibrodos_pilgrimage, layout_basic, minmay_misc_feat_tiny,
          uniq_robin, uniq_sigmund

Notes
Turn   | Place    | Note
-------+----------+-------------------------------------------
     0 | D:1      | MackTheKnife the Merfolk Gladiator began the quest for the
                  | Orb.
     0 | D:1      | Reached XP level 1. HP: 16/16 MP: 1/1
     0 | D:1      | magus.rc [v1.9.6]
   120 | D:1      | Reached XP level 2. HP: 14/22 MP: 2/2
   234 | D:1      | Reached skill level 5 in Polearms
   440 | D:1      | Reached XP level 3. HP: 27/27 MP: 3/3
   796 | D:2      | Noticed Sigmund
   862 | D:2      | Reached skill level 6 in Polearms
   921 | D:2      | Reached XP level 4. HP: 24/33 MP: 4/4
  1124 | D:2      | Reached skill level 7 in Polearms
  1132 | D:2      | magus.rc [v1.9.6]
  1216 | D:2      | Reached XP level 5. HP: 33/36 MP: 5/5
  1229 | D:2      | You pick up a book of Air and begin reading...
  1229 | D:2      | You add the spells Shock, Swiftness and Airstrike to your
                  | library.
  1334 | D:2      | HP: 8/36 [orc priest/nerve-wracking pain (8)]
  1337 | D:2      | Killed from afar by an orc priest

Vanquished Creatures
  A hound (D:2)
  An orc wizard (D:2)
  2 adders (D:2)
  A dart slug (D:2)
  5 orcs (D:2)
  5 ball pythons
  6 endoplasms
  5 goblins
  6 hobgoblins
  6 jackals (D:1)
  5 quokkas
  3 bats (D:1)
  5 frilled lizards
  6 kobolds
  4 rats
61 creatures vanquished.

Table legend:
 A = Non-vault XP
 B = Vault XP
 C = Vault XP percentage of total XP
 D = Non-vault monster count
 E = Vault monster count
 F = Vault count percentage of total count
                 A         B        C        D         E       F
            +---------+---------+-------+---------+---------+-------
      Total |     141 |      62 |  30.5 |      48 |      13 |  21.3
            +---------+---------+-------+---------+---------+-------
        D:1 |      46 |       9 |  16.4 |      28 |       5 |  15.2
        D:2 |      95 |      53 |  35.8 |      20 |       8 |  28.6
            +---------+---------+-------+---------+---------+-------

Illustrated notes

Table legend:
 A = Kills in this place as a percentage of kills in entire the game.
 B = Kills by you in this place as a percentage of kills by you in the entire game.
 C = Kills by friends in this place as a percentage of kills by friends in the entire game.
 D = Other kills in this place as a percentage of other kills in the entire game.
 E = Experience gained in this place as a percentage of experience gained in the entire game.
 F = Experience gained in this place divided by the number of levels of this place that you have seen.
                   A       B       C       D       E      F
               +-------+-------+-------+-------+-------+----------------------
         Total | 100.0 | 100.0 |   N/A |   N/A | 100.0 | 101.5
       Dungeon | 100.0 | 100.0 |   N/A |   N/A | 100.0 | 101.5
               +-------+-------+-------+-------+-------+----------------------

Table legend: (Time is in decaauts)
 A = Elapsed time spent in this place.
 B = Non-inter-level travel time spent in this place.
 C = Inter-level travel time spent in this place.
 D = Time resting spent in this place.
 E = Time spent auto-exploring this place.
 F = Levels seen in this place.
 G = Mean time per level.
                   A        B        C        D        E       F      G
               +--------+--------+--------+--------+--------+-----+--------+
         Total |   1336 |   1288 |     48 |    194 |    489 |   2 |  668.0 |
       Dungeon |   1336 |   1288 |     48 |    194 |    489 |   2 |  668.0 |
               +--------+--------+--------+--------+--------+-----+--------+

Top non-repeatable levels by time:
     D:1: 788 daAuts
     D:2: 547 daAuts
